Map: Orbital Shipyard

Players

glllllllllll

  • Race: Terran Terran
  • League: Gold

WildCatBrown - Winner!

  • Race: Protoss Protoss
  • League: Gold

VOD

Have the link to the VOD?

Description

Time

  • Played on: Jan. 17, 2016, 9:26 a.m.
  • Length: 15:59
Show
View Real Time Build Order
Export as new Build Order

glllllllllll Terran 

Build Orders: Mech 

Get SALT Encoding   

  12  0:01  SCV  
  13  0:13  SCV  
  14  0:18  Supply Depot  
  14  0:25  SCV  
  15  0:31  Refinery  
  15  0:40  SCV  
  16  0:45  Barracks  
  16  0:52  SCV  
  17  1:04  SCV  
  17  1:08  Supply Depot  
  18  1:16  SCV  
  19  1:19  Refinery  
  19  1:28  SCV  
  20  1:33  Reaper  
  21  1:40  Orbital Command  
  21  2:07  SCV  
  22  2:10  Command Center  
  22  2:13  Marine  
  23  2:28  SCV  
  24  2:31  Marine  
  24  2:32  Factory  
  24  2:35  Supply Depot  
  25  2:48  SCV  
  25  2:49  Marine  
  27  3:01  SCV  
  28  3:07  Marine  
  29  3:14  Command Center  
  29  3:17  Factory Tech Lab  
  29  3:26  Starport  
  29  3:32  Orbital Command  
  29  3:36  Marine  
  30  3:48  Refinery, Bunker  
  30  3:54  Siege Tank, Marine  
  34  4:04  SCV  
  34  4:07  Refinery  
  34  4:09  Refinery  
  35  4:20  SCV, Engineering Bay  
  35  4:23  Starport Reactor  
  36  4:30  Supply Depot  
  36  4:33  SCV  
  36  4:36  Orbital Command  
  37  4:41  Supply Depot  
  37  4:48  Siege Tank  
  40  4:53  SCV x2  
  41  5:00  Missile Turret  
  45  5:14  Liberator x2  
  41  5:28  Marine  
  41  5:30  Siege Tank  
  51  5:38  Missile Turret  
  51  5:39  Supply Depot  
  51  5:46  Marine  
  52  5:51  Factory  
  52  5:52  Factory  
  52  6:01  Supply Depot, Missile Turret  
  52  6:02  Hellion  
  54  6:05  Missile Turret  
  54  6:09  Liberator  
  54  6:12  SCV  
  54  6:18  Marine  
  55  6:19  Missile Turret  
  55  6:23  Siege Tank  
  62  6:33  Refinery  
  62  6:35  SCV  
  62  6:39  Missile Turret  
  63  6:40  Missile Turret  
  63  6:46  Missile Turret  
  63  6:48  Hellion  
  63  6:51  Factory Tech Lab  
  65  6:56  Armory  
  65  6:59  Armory  
  65  7:03  Hellion  
  67  7:08  Missile Turret  
  64  7:16  Liberator x2  
  64  7:21  SCV  
  63  7:23  Missile Turret  
  63  7:33  SCV  
  70  7:45  SCV  
  71  7:52  Thor  
  71  7:53  Hellion  
  79  7:59  Liberator  
  79  8:12  SCV  
  80  8:15  Siege Tank  
  80  8:17  Factory Tech Lab  
  86  8:38  Terran Vehicle Weapons Level 1  
  86  8:48  Factory  
  86  8:51  Command Center  
  86  8:54  Terran Vehicle And Ship Armor Level 1  
  86  8:56  Command Center  
  86  8:59  Hellion x2, Siege Tank  
  93  9:19  Command Center  
  93  9:29  Infernal Pre-Igniter  
  93  9:38  Starport  
  93  9:39  Starport  
  93  9:46  SCV  
  94  9:54  Fusion Core  
  94  9:56  SCV  
  94  9:58  SCV  
  96  10:06  Supply Depot  
  96  10:10  SCV  
  96  10:12  SCV  
  98  10:14  SCV  
  98  10:19  Factory Tech Lab  
  99  10:24  SCV  
  100  10:29  Supply Depot  
  100  10:36  SCV  
  101  10:48  Orbital Command  
  101  10:52  Orbital Command  
  101  10:53  Orbital Command  
  101  10:55  Terran Vehicle Weapons Level 2  
  101  11:02  SCV  
  102  11:07  Supply Depot  
  102  11:14  Starport Tech Lab  
  102  11:15  Starport, Starport Tech Lab  
  102  11:42  Orbital Command  
  102  11:44  Hellion x2, Siege Tank x2  
  112  11:51  Terran Vehicle And Ship Armor Level 2  
  112  11:55  Starport Tech Lab  
  112  12:00  Battlecruiser  
  112  12:01  Battlecruiser  
  124  12:02  Supply Depot  
  124  12:05  Hellion, Siege Tank  
  129  12:16  Missile Turret  
  129  12:22  Command Center  
  129  12:27  Missile Turret  
  129  12:29  Refinery  
  126  12:30  Refinery  
  126  12:36  Missile Turret  
  121  12:57  Missile Turret  
  121  13:01  Liberator x2  
  121  13:05  Missile Turret  
  118  13:36  Missile Turret  
  118  13:37  Missile Turret  
  118  13:44  Liberator  
  118  13:45  Liberator  
  117  13:56  Missile Turret  
  110  14:23  Thor  
  115  14:27  Liberator  
  115  14:30  Liberator  
Show
View Real Time Build Order
Export as new Build Order

WildCatBrown Protoss - Winner!

Build Orders: 1 Gate Expand 

Get SALT Encoding   

  12  0:01  Probe (Chrono Boost)  
  13  0:11  Probe (Chrono Boost)  
  14  0:19  Pylon  
  14  0:22  Probe (Chrono Boost)  
  15  0:31  Assimilator  
  15  0:37  Probe (Chrono Boost)  
  16  0:47  Gateway  
  16  0:48  Probe (Chrono Boost)  
  17  0:58  Probe (Chrono Boost)  
  18  1:09  Probe (Chrono Boost)  
  19  1:21  Probe (Chrono Boost)  
  20  1:26  Nexus  
  20  1:38  Probe (Chrono Boost)  
  20  1:39  Cybernetics Core  
  21  1:47  Assimilator  
  21  1:56  Probe (Chrono Boost)  
  21  2:00  Pylon  
  22  2:10  Probe (Chrono Boost)  
  23  2:21  Probe (Chrono Boost)  
  25  2:26  Adept  
  25  2:28  Warp Gate  
  25  2:31  Probe (Chrono Boost)  
  27  2:44  Gateway  
  27  2:45  Probe (Chrono Boost)  
  27  2:52  Mothership Core (Chrono Boost)  
  29  3:07  Adept (Chrono Boost)  
  31  3:17  Probe x2 (Chrono Boost)  
  33  3:28  Probe  
  33  3:30  Probe  
  33  3:34  Adept (Chrono Boost)  
  37  3:40  Adept (Chrono Boost)  
  39  3:42  Probe  
  40  3:51  Probe  
  40  3:52  Gateway  
  40  3:53  Gateway  
  40  3:54  Probe  
  42  3:57  Adept (Chrono Boost)  
  44  4:04  Pylon  
  44  4:05  Probe  
  44  4:06  Probe  
  44  4:08  Pylon  
  44  4:09  Assimilator  
  46  4:14  Assimilator  
  46  4:46  Stargate  
  46  4:49  Stargate  
  44  5:09  Stalker x2  
  44  5:24  Forge  
  44  5:26  Pylon  
  42  5:29  Pylon  
  42  5:31  Adept  
  42  5:32  Adept  
  46  5:43  Oracle x2  
  46  5:47  Pylon  
  52  5:52  Pylon  
  52  5:53  Twilight Council  
  52  5:55  Probe x2 (Chrono Boost)  
  54  6:05  Probe (Chrono Boost)  
  54  6:06  Probe (Chrono Boost)  
  54  6:07  Zealot x4  
  64  6:15  Protoss Ground Weapons Level 1  
  64  6:16  Probe (Chrono Boost)  
  65  6:31  Stalker x2  
  69  6:33  Stalker  
  69  6:34  Stalker  
  73  6:43  Probe x2 (Chrono Boost), Gateway  
  73  6:46  Gateway  
  75  6:48  Gateway  
  75  6:51  Gateway  
  75  6:53  Probe x2 (Chrono Boost)  
  77  7:05  Nexus  
  77  7:06  Pylon  
  71  7:27  Stalker x4  
  78  7:37  Pylon  
  78  7:49  Probe x2 (Chrono Boost)  
  78  7:50  Photon Cannon  
  80  7:57  Void Ray x2  
  88  7:59  Stalker x2  
  92  8:11  Stalker x2  
  93  8:17  Probe x2 (Chrono Boost)  
  93  8:18  Probe (Chrono Boost)  
  96  8:28  Probe (Chrono Boost)  
  96  8:33  Blink  
  97  8:37  Stalker  
  97  8:38  Protoss Ground Weapons Level 2  
  99  8:49  Probe x3 (Chrono Boost)  
  99  8:52  Assimilator  
  102  8:57  Assimilator  
  102  8:59  Probe x2 (Chrono Boost)  
  104  9:02  Pylon  
  104  9:21  Void Ray x2, Photon Cannon  
  112  9:28  Protoss Air Weapons Level 1  
  112  9:30  Stalker  
  112  9:31  Stalker x2  
  118  9:32  Stalker  
  120  9:57  Probe (Chrono Boost)  
  120  9:59  Fleet Beacon  
  121  10:08  Probe (Chrono Boost)  
  121  10:13  Stalker x2  
  121  10:14  Stalker x3  
  130  10:19  Probe (Chrono Boost)  
  133  10:25  Pylon  
  133  10:27  Pylon  
  133  10:33  Probe (Chrono Boost)  
  133  10:34  Probe (Chrono Boost)  
  132  10:36  Probe (Chrono Boost)  
  132  10:43  Phoenix x2  
  132  10:45  Probe (Chrono Boost)  
  132  10:46  Probe x2 (Chrono Boost)  
  139  10:55  Photon Cannon  
  139  10:56  Probe x2 (Chrono Boost)  
  142  10:57  Probe (Chrono Boost)  
  142  11:06  Probe (Chrono Boost)  
  142  11:07  Probe (Chrono Boost)  
  142  11:08  Probe (Chrono Boost)  
  145  11:16  Protoss Ground Weapons Level 3  
  145  11:17  Probe (Chrono Boost)  
  146  11:18  Stalker  
  148  11:29  Pylon  
  148  11:32  Pylon  
  148  11:33  Protoss Air Weapons Level 2  
  148  11:38  Pylon  
  148  11:47  Tempest x2  
  156  11:57  Pylon  
  156  12:02  Pylon  
  156  12:08  Gateway  
  156  12:10  Gateway  
  156  12:12  Gateway  
  156  12:13  Charge  
  156  12:22  Robotics Facility  
  156  12:41  Void Ray x2  
  152  13:23  Tempest  
  152  13:24  Tempest  
  152  13:54  Protoss Shields Level 1  
  152  14:06  Tempest x2  
  126  14:49  Tempest x2  
  118  15:27  Stalker x3  
  118  15:28  Stalker x5  
Tags
 
Composition
Mech
League
GoldGold
Matchup
PvT
Add a new tag
Caveats
  • Supply blocks, unpowered buildings, or Contaminate may cause inaccurate times.
  • Supply counts are checked every 10 seconds.